 Dungeon Crawl Stone Soup version 0.30.1 (webtiles) character file.

Game seed: 13350203232814942756

14766 Sabo the Severer (level 11, -7/102 HPs)
             Began as a Minotaur Monk on July 3, 2023.
             Was an Elder of Qazlal.
             Mangled by a molten gargoyle
             ... wielding a +0 mace
              (12 damage)
             ... in a volcano.
             The game lasted 00:43:59 (9322 turns).

Sabo the Severer (Minotaur Monk)                    Turns: 9322, Time: 00:44:01

Health: -7/102     AC: 12    Str: 21    XL:     11   Next: 93%
Magic:  10/10      EV: 15    Int:  7    God:    Qazlal [****..]
Gold:   483        SH:  5    Dex: 18    Spells: 10/10 levels left

rFire   . . .        B - +5 war axe (flame)
rCold   . . .        d - orb {light}
rNeg    . . .        s - +2 ring mail "Titux" {rPois}
rPois   +            K - +1 hat "Piehupn" {Fly rElec}
rElec   +            L - +0 cloak
rCorr   .            y - +0 pair of gloves
SInv    +            (no boots)
Will    +....        (no amulet)
Stlth   +            C - +6 ring of dexterity
HPRegen 0.37/turn    A - ring of willpower
MPRegen 0.12/turn

%: repel missiles
@: flying, glowing
A: horns 2, retaliatory headbutt, see invisible, subdued magic 1, MP-powered
wands
a: Renounce Religion, Upheaval, Elemental Force


You were in a volcano.
You worshipped Qazlal.
Qazlal was greatly pleased with you.
You visited 3 branches of the dungeon, and saw 11 of its levels.
You also visited: Volcano.

You collected 483 gold pieces.

Inventory:

Hand Weapons
 a - a +0 longbow
 r - a +5 halberd of freezing
 B - a +5 war axe of flaming (weapon)
 D - a +4 long sword
 E - a +4 scimitar
 G - a +0 broad axe
 P - a +5 flail of freezing
Missiles
 q - 20 poisoned darts (quivered)
 u - 2 atropa-tipped darts
 w - 7 boomerangs
Armour
 d - an orb of light (worn)
 s - the +2 ring mail "Titux" (worn) {rPois}
   (You found it on level 3 of the Dungeon)

   rPois:     It protects you from poison.
 v - a +0 scale mail of cold resistance
 y - a +0 pair of gloves (worn)
 K - the +1 hat "Piehupn" (worn) {Fly rElec}
   (You found it on level 7 of the Dungeon)

   rElec:     It insulates you from electricity.
   Fly:       It grants you flight.
 L - a +0 cloak (worn)
Jewellery
 i - a ring of resist corrosion
 t - a ring of flight
 A - a ring of willpower (right hand)
 C - a +6 ring of dexterity (left hand)
 S - a ring of willpower
Wands
 c - a wand of flame (22)
 h - a wand of charming (16)
 n - a wand of roots (15)
 x - a wand of quicksilver (9)
Scrolls
 g - 2 scrolls of fog
 m - 2 scrolls of teleportation
 O - a scroll of poison
 R - a scroll of enchant armour {unknown}
Potions
 e - 3 potions of degeneration {unknown}
 f - 5 potions of mutation
 j - 5 potions of curing
 k - 3 potions of resistance {unknown}
 l - 2 potions of experience {unknown}
 o - a potion of flight {unknown}
 p - 2 potions of haste {unknown}
 z - 2 potions of attraction {unknown}
 F - a potion of heal wounds {unknown}
 H - 2 potions of brilliance {unknown}
 I - a potion of lignification {unknown}
 J - 2 potions of berserk rage {unknown}
 M - 2 potions of cancellation {unknown}
 Q - a potion of might {unknown}


   Skills:
 + Level 11.2 Fighting
 + Level 16.0 Axes
 + Level 1.0 Throwing
 + Level 9.0 Armour
 + Level 7.9 Dodging
 + Level 2.8 Stealth
 + Level 3.9 Shields


You had 10 spell levels left.
You didn't know any spells.
Your spell library contained the following spells:

 Spells                   Type           Power      Damage    Failure   Level
 Beastly Appendage        Tmut           0%         N/A       52%         1
 Kiss of Death            Conj/Necr      0%         2d5       52%         1
 Magic Dart               Conj           0%         1d3       52%         1
 Summon Small Mammal      Summ           0%         N/A       52%         1
 Call Imp                 Summ           0%         N/A       67%         2
 Lesser Beckoning         Tloc           0%         N/A       67%         2
 Wereblood                Tmut           0%         N/A       67%         2
 Call Canine Familiar     Summ           0%         N/A       89%         3
 Confusing Touch          Hex            0%         N/A       89%         3
 Gell's Gravitas          Tloc           0%         N/A       89%         3
 Ignite Poison            Fire/Tmut/Pois 0%         N/A       89%         3
 Mephitic Cloud           Conj/Pois/Air  0%         N/A       89%         3
 Spider Form              Tmut/Pois      0%         N/A       89%         3
 Summon Guardian Golem    Hex/Summ       0%         N/A       89%         3
 Teleport Other           Tloc           0%         N/A       89%         3
 Volatile Blastmotes      Fire/Tloc      0%         2d10      89%         3
 Dispel Undead            Necr           0%         3d6       100%        4
 Fulminant Prism          Conj/Hex       0%         3d5       100%        4
 Iskenderun's Mystic Bla  Conj/Tloc      0%         2d3       100%        4
 Sticky Flame             Conj/Fire      0%         2d3       100%        4
 Lee's Rapid Deconstruct  Erth           0%         3d4*      100%        5
 Ignition                 Fire           0%         3d3       100%        8


Dungeon Overview and Level Annotations

Branches:
Dungeon (8/15)             Temple (1/1) D:6            Lair (2/5) D:8
 Shoals (0/4) Lair:2      Volcano (1/1)
  Snake: Lair:2-3    Spider: Lair:2-3

Altars:
Ashenzari
Cheibriados
Dithmenos
Fedhas
Gozag
Hepliaklqana
Kikubaaqudgha
Makhleb
Nemelex Xobeh
Okawaru
Qazlal
Ru
Sif Muna
Trog
Uskayaw
Vehumet
Xom
Yredelemnul


Innate Abilities, Weirdness & Mutations

You have a pair of horns on your head.
You reflexively headbutt those who attack you in melee.
You have supernaturally acute eyesight. (SInv)
Your spells are a little easier to cast, but a little less powerful.
You expend magic power (3 MP) to strengthen your wands.


Message History

The fire elemental is moderately damaged.
The fire elemental closely misses you.
You closely miss the fire elemental.
The fire elemental is moderately damaged.
You slice the fire elemental!!
You destroy the fire elemental!
Qazlal accepts your kill.
You slash the molten gargoyle!
The molten gargoyle hits you but does no damage.
Your Axes skill increases to level 16!
The molten gargoyle attacks as you move away!
The molten gargoyle hits you with a +0 mace!
You are engulfed in flames!
The molten gargoyle blasts magma at you!
The bolt of magma misses you.
There is an open door here.
You see here a +0 scimitar of flaming.
The molten gargoyle blasts magma at you!
The bolt of magma is repelled.
You hear a sizzling sound!
The molten gargoyle blasts magma at you!
The bolt of magma hits you!!
* * * LOW HITPOINT WARNING * * *
You slice the molten gargoyle!!
The molten gargoyle is severely damaged.
You slash the molten gargoyle!
You hit the molten gargoyle but do no damage.
Your headbutt misses the molten gargoyle.
The molten gargoyle is severely damaged.
You hit the molten gargoyle.
The molten gargoyle blasts magma at you!
The bolt of magma misses you. The molten gargoyle misses you.
You slice the molten gargoyle!!
You destroy the molten gargoyle!
Qazlal accepts your kill.
You hit the molten gargoyle but do no damage.
The molten gargoyle hits you with a +0 mace.
* * * LOW HITPOINT WARNING * * *
You are engulfed in flames!
You die...

### ###.##
##≈...##
#≈≈....#
#≈..∩..+ #
#≈≈≈..#####≈##
#≈≈.☼.##≈≈≈≈≈##
#≈≈≈.9##≈≈≈≈≈≈°
#≈..§°@)○≈≈≈≈.#
#≈≈....#.≈≈..##
##≈...###...##
###.## #.## ###
##


You could see a molten gargoyle.

Vanquished Creatures
  Gastronok (Lair:1)
  A skyshark (Lair:2)
  9 elephants (Lair:2)
  A black mamba (Lair:2)
  A molten gargoyle (Volcano)
  A cane toad (Lair:2)
  An efreet (Volcano)
  2 rime drakes
  A komodo dragon (Lair:2)
  The ghost of erynZofia the Shooter, a novice GrHu of Okawaru (D:4)
  Grinder (D:3)
  Prince Ribbit (Lair:1)
  8 blink frogs
  A troll (D:8)
  2 hornets
  Sigmund (D:3)
  A wyvern (D:7)
  2 fire elementals (Volcano)
  3 yaks (Lair:1)
  Edmund (D:6)
  A water moccasin (D:7)
  An ice beast (D:5)
  A sky beast (D:7)
  A black bear (D:5)
  5 ogres
  3 centaurs
  5 wolves
  3 phantoms
  5 bullfrogs
  3 kobold brigands
  2 scorpions
  16 wights
  A water moccasin skeleton (D:4)
  A killer bee (D:7)
  2 electric eels (D:8)
  A bullfrog zombie (D:4)
  2 howler monkeys
  A jelly (D:6)
  12 hounds
  2 centaur skeletons (D:4)
  3 gnoll boudas
  2 sleepcaps
  6 iguanas
  6 orc wizards
  17 gnolls
  5 adders
  2 shadow imps
  4 white imps
  An ufetubus (D:5)
  2 worms
  A dart slug (D:4)
  12 orcs
  6 bats
  10 endoplasms
  3 giant cockroaches
  4 hobgoblins
  23 kobolds
  3 quokkas
  7 ball pythons
  2 frilled lizards
  12 goblins
  3 rats
242 creatures vanquished.

Vanquished Creatures (others)
  A goblin (D:4)
1 creature vanquished.

Grand Total: 243 creatures vanquished

Notes
Turn   | Place    | Note
-------+----------+-------------------------------------------
     0 | D:1      | Sabo the Minotaur Monk began the quest for the Orb.
     0 | D:1      | Reached XP level 1. HP: 19/19 MP: 0/0
   205 | D:1      | Reached XP level 2. HP: 27/27 MP: 1/1
   638 | D:2      | Noticed an ogre
   644 | D:2      | Killed an ogre
   645 | D:2      | Reached skill level 4 in Axes
   645 | D:2      | Reached skill level 1 in Armour
   645 | D:2      | Reached XP level 3. HP: 34/34 MP: 2/2
   645 | D:2      | Reached XP level 4. HP: 41/41 MP: 3/3
  1461 | D:3      | Identified the +2 ring mail "Titux" {rPois}
  1532 | D:3      | Reached XP level 5. HP: 47/47 MP: 4/4
  1550 | D:3      | Noticed Grinder
  1551 | D:3      | Paralysed by Grinder for 4 turns
  1570 | D:3      | Paralysed by Grinder for 2 turns
  1584 | D:3      | Killed Grinder
  1585 | D:3      | Reached skill level 5 in Fighting
  1585 | D:3      | Reached skill level 5 in Axes
  1585 | D:3      | Reached XP level 6. HP: 50/56 MP: 5/5
  1714 | D:3      | Noticed Sigmund
  1746 | D:3      | Killed Sigmund
  1747 | D:3      | Reached skill level 6 in Axes
  1968 | D:3      | Reached XP level 7. HP: 61/61 MP: 6/6
  2110 | D:4      | Noticed erynZofia's ghost (novice GrHu)
  2110 | D:4      | Found a transporter.
  2122 | D:4      | Found a snail-covered altar of Cheibriados.
  2253 | D:4      | Found a broken altar of Ashenzari.
  2296 | D:4      | Reached skill level 7 in Axes
  2521 | D:4      | Found a shimmering blue altar of Sif Muna.
  2528 | D:4      | Reached skill level 5 in Dodging
  2616 | D:4      | Found a transporter.
  2680 | D:4      | Found a shadowy altar of Dithmenos.
  2928 | D:4      | Killed erynZofia's ghost
  2929 | D:4      | Reached skill level 8 in Axes
  2929 | D:4      | Reached skill level 1 in Stealth
  2929 | D:4      | Reached XP level 8. HP: 55/71 MP: 7/7
  2935 | D:4      | Reached skill level 5 in Armour
  3085 | D:5      | Entered Level 5 of the Dungeon
  3219 | D:5      | Reached skill level 9 in Axes
  3489 | D:5      | Identified the +1 leather armour "Ephaakhlo" {rElec rPois
                  | Dex-5}
  3949 | D:5      | Reached skill level 10 in Axes
  4047 | D:5      | Reached XP level 9. HP: 64/79 MP: 8/8
  4659 | D:6      | Found a staircase to the Ecumenical Temple.
  4724 | Temple   | Entered the Ecumenical Temple
  4785 | Temple   | Became a worshipper of Qazlal Stormbringer
  4785 | Temple   | Reached * piety under Qazlal
  4785 | Temple   | Reached ** piety under Qazlal
  4890 | D:6      | Noticed Edmund
  4901 | D:6      | Killed Edmund
  4902 | D:6      | Reached skill level 11 in Axes
  5251 | D:6      | Found a hazy altar of Hepliaklqana.
  5762 | D:7      | Reached skill level 12 in Axes
  5901 | D:7      | Identified the +1 robe of Atheagor {Contam Will+ Int+4}
  5993 | D:7      | Reached *** piety under Qazlal
  5994 | D:7      | Reached XP level 10. HP: 68/90 MP: 9/9
  6525 | D:7      | Identified the +1 hat "Piehupn" {Fly rElec}
  6705 | D:8      | Reached skill level 1 in Shields
  6885 | D:8      | Reached skill level 13 in Axes
  6942 | D:8      | Found a staircase to the Lair.
  7185 | D:8      | Found an iron altar of Okawaru.
  7465 | Lair:1   | Entered Level 1 of the Lair of Beasts
  7465 | Lair:1   | Noticed Prince Ribbit
  7478 | Lair:1   | Killed Prince Ribbit
  7489 | Lair:1   | Reached **** piety under Qazlal
  7921 | Lair:1   | Reached skill level 14 in Axes
  8152 | Lair:1   | Reached XP level 11. HP: 97/99 MP: 10/10
  8356 | Lair:1   | Noticed Gastronok
  8371 | Lair:1   | Killed Gastronok
  8372 | Lair:1   | Reached skill level 10 in Fighting
  8668 | Lair:1   | Gained mutation: You expend magic power (3 MP) to
                  | strengthen your wands. [potion of mutation]
  8668 | Lair:1   | Gained mutation: Your spells are a little easier to cast,
                  | but a little less powerful. [potion of mutation]
  8668 | Lair:1   | Gained mutation: You have supernaturally acute eyesight.
                  | (SInv) [potion of mutation]
  8746 | Lair:2   | Found a staircase to the Shoals.
  8880 | Lair:2   | Reached skill level 15 in Axes
  8942 | Lair:2   | Noticed a skyshark
  8952 | Lair:2   | Killed a skyshark
  9177 | Lair:2   | Found a dark tunnel.
  9294 | Volcano  | Entered a volcano
  9309 | Volcano  | Reached skill level 1 in Throwing
  9318 | Volcano  | Reached skill level 16 in Axes
  9322 | Volcano  | HP: 5/102 [molten gargoyle/+0 mace (4)]
  9322 | Volcano  | Mangled by a molten gargoyle

Illustrated notes

Levels and vault maps discovered:
D:1:      sevenhm_arrival_forest_fort_small_4, layout_rooms, serial_glass,
          glass_columns_a, glass_columns_a, glass_columns_a, glass_columns_b,
          glass_columns_a, glass_columns_a, glass_columns_a, glass_columns_a,
          minmay_statues_item
D:2:      layout_loops_cross, minmay_pentomino_pile
D:3:      layout_rooms, uniq_grinder, uniq_sigmund
D:4:      nicolae_BIG_FREAKIN_CUBE, layout_cave_pools, cheibriados_altar_1,
          nicolae_dithmenos_shadow_blocks, overflow_temple_1_default,
          nicolae_sif_muna_condensation, gammafunk_ghost_mausoleum
D:5:      layout_loops_ring
D:6:      layout_cave_pools, kennysheep_little_box, temple_fountains,
          uniq_edmund
D:7:      kb_forest_paths, layout_gridville, hellmonk_no_cap
D:8:      layout_rooms, mainiacjoe_overflow_chevrons, erik_lair_island
Temple:   nicolae_temple_ecumenical_triangle
Lair:1:   layout_regular_city, beast_lair_carwin_8, uniq_prince_ribbit2,
          uniq_gastronok
Lair:2:   layout_chaotic_city, shoals_dummy_entry, enter_volcano_4,
          nicolae_lair_lil_pond, serial_bayou_shore_b
Volcano:  volcano_aerie

Skill      XL: |  1  2  3  4  5  6  7  8  9 10 11 |
---------------+----------------------------------+-----
Fighting       | 4 5 6 7 8 9 11 | 11.2
Axes           | 4 5 6 8 10 12 14 16 | 16.0
Armour         | 1 3 4 6 7 8 9 |  9.0
Dodging        | 4 5 6 7 |  7.9
Stealth        | 1 2 |  2.8
Shields        | 2 3 |  3.9
Throwing       | 1 |  1.0

Action                     |  1- 3 |  4- 6 |  7- 9 | 10-12 || total
---------------------------+-------+-------+-------+-------++-------
  Melee: Hand axe          |    34 |    67 |    61 |       ||   162
         Headbutt          |     7 |    13 |    49 |    53 ||   122
         War axe           |       |       |   160 |   182 ||   342
  Throw: Dart              |       |       |       |     3 ||     3
    Use: Potion            |       |     1 |       |     1 ||     2
         Scroll            |       |       |    10 |     8 ||    18
 Armour: Leather armour    |     7 |     8 |       |       ||    15
         Scale mail        |       |     5 |       |       ||     5
         Ring mail         |       |     5 |    69 |    75 ||   149
  Dodge: Dodged            |    22 |    39 |   151 |   112 ||   324
         Repelled          |       |       |       |     2 ||     2
  Block: Orb               |       |       |    13 |    33 ||    46
